 Dungeon Crawl Stone Soup version 0.30-a0-341-g682706514a (webtiles) character file.

Game seed: 13567237509924837490

40950 brightshaft the Marksfrog (level 14, -7/106 HPs)
             Began as a Barachi Hunter on Nov 4, 2022.
             Was a High Priest of Hepliaklqana.
             Mangled by a death yak (8 damage)
             ... while petrified by a catoblepas
             ... on level 5 of the Lair of Beasts.
             The game lasted 00:37:13 (14668 turns).

brightshaft the Marksfrog (Barachi Hunter)         Turns: 14668, Time: 00:37:14

Health: -7/106     AC: 13    Str: 11    XL:     14   Next: 13%
Magic:  14/14      EV:  2    Int:  6    God:    Hepliaklqana [*****.]
Gold:   1058       SH:  0    Dex: 23    Spells: 13/13 levels left

rFire   . . .      SeeInvis +    R - +3 arbalest (elec)
rCold   + . .      Faith    .    (shield currently unavailable)
rNeg    + + +      Spirit   .    z - +0 troll leather armour
rPois   ∞          Reflect  .    y - +0 helmet
rElec   .          Harm     .    Q - scarf {repulsion}
rCorr   .          Rampage  +    (no gloves)
Will    +++..                    L - +4 pair of boots "Someozoa" {Fly rC+ Will+ Str-2}
Stlth   +++.......               k - amulet of Soimpyaz {Acrobat Rampage rF- Int-3 SInv}
HPRegen 1.17/turn                U - ring of the Hare {EV+8}
MPRegen 0.14/turn                C - ring of Onemaify {Contam rPois rF+ Will+ Dex+2}

@: petrified, unable to hop, flying, repel missiles, slow
A: reduced essence, amphibious, slowness 1, strong legs 2, +LOS
a: Hop, Renounce Religion, Recall Ancestor, Ancestor Identity, Transference,
Idealise


You were on level 5 of the Lair of Beasts.
You worshipped Hepliaklqana.
Hepliaklqana was extremely pleased with you.
You visited 3 branches of the dungeon, and saw 16 of its levels.
You also visited: Gauntlet and Ice Cave.

You collected 1058 gold pieces.

Inventory:

Hand Weapons
 a - a +1 shortbow
 b - a +1 sling of freezing
 N - a +1 arbalest
 R - a +3 arbalest of electrocution (weapon)
Missiles
 j - 38 poisoned darts
 t - 2 throwing nets
Armour
 u - a +0 scale mail
 x - a +2 cloak
 y - a +0 helmet (worn)
 z - a +0 troll leather armour (worn)
 L - the +4 pair of boots "Someozoa" (worn) {Fly rC+ Will+ Str-2}
   (You found it on level 1 of the Lair of Beasts)

   Str:       It affects your strength (-2).
   rC:        It protects you from cold.
   Fly:       It grants you flight.
   Will:      It increases your willpower.
 Q - a scarf of repulsion (worn)
 V - +0 acid dragon scales
Jewellery
 d - a +4 ring of protection
 k - the amulet of Soimpyaz (around neck) {Acrobat Rampage rF- Int-3 SInv}
   (You found it in a Gauntlet)

   [amulet of the acrobat]

   It increases your evasion while moving and waiting.
   Int:       It affects your intelligence (-3).
   rF:        It makes you vulnerable to fire.
   SInv:      It lets you see invisible.
   Rampage:   It bestows one free step when moving towards enemies.
 m - a +4 ring of protection
 A - an amulet of reflection
 C - the ring of Onemaify (right hand) {Contam rPois rF+ Will+ Dex+2}
   (You acquired it on level 1 of the Lair of Beasts)

   [ring of willpower]

   Dex:       It affects your dexterity (+2).
   rF:        It protects you from fire.
   rPois:     It protects you from poison.
   Contam:    It causes magical contamination when unequipped.
   Will:      It increases your willpower.
 H - a ring of see invisible
 I - a +6 ring of dexterity
 U - the ring of the Hare (left hand) {EV+8}
   (You found it in a Gauntlet)

   [ring of evasion]

   EV:        It affects your evasion (+8).
Wands
 f - a wand of digging (6)
 l - a wand of light (17)
 p - a wand of paralysis (4)
 r - a wand of flame (65) {@v2}
 K - a wand of mindburst (3) {@v3}
Scrolls
 g - 3 scrolls of amnesia
 i - 7 scrolls of teleportation {@r4}
 n - 9 scrolls of identify {@r1}
 D - 3 scrolls of immolation
 F - 3 scrolls of magic mapping
 M - a scroll of blinking
 O - 2 scrolls of enchant weapon
Potions
 c - a potion of brilliance {unknown}
 e - 2 potions of might
 h - 2 potions of ambrosia
 o - 10 potions of curing {@q1}
 q - 4 potions of flight
 s - 6 potions of attraction
 v - 4 potions of degeneration
 w - a potion of lignification {unknown}
 B - a potion of resistance {unknown}
 G - a potion of heal wounds {@q2}
 J - 4 potions of mutation {unknown}
 P - 3 potions of cancellation {unknown}
Miscellaneous
 S - a phial of floods
 T - a lightning rod (4/4)


   Skills:
 + Level 13.2 Fighting
 * Level 17.1 Ranged Weapons
 + Level 12.9 Armour
 + Level 12.1 Dodging
 + Level 6.0 Stealth


You had 13 spell levels left.
You didn't know any spells.
Your spell library contained the following spells:

 Spells                   Type           Power      Damage    Failure   Level
 Apportation              Tloc           0%         N/A       52%         1
 Beastly Appendage        Tmut           0%         N/A       52%         1
 Necrotise                Necr           0%         1d4       52%         1
 Shock                    Conj/Air       0%         1d3       52%         1
 Summon Small Mammal      Summ           0%         N/A       52%         1
 Cigotuvi's Dreadful Rot  Necr/Pois/Air  0%         N/A       67%         2
 Wereblood                Tmut           0%         N/A       67%         2
 Call Canine Familiar     Summ           0%         N/A       88%         3
 Dazzling Flash           Conj/Hex       0%         N/A       88%         3
 Ignite Poison            Fire/Tmut/Pois 0%         N/A       88%         3
 Kindle Blastsparks       Fire/Tloc/Air  0%         2d10      88%         3
 Spider Form              Tmut/Pois      0%         N/A       88%         3
 Summon Guardian Golem    Hex/Summ       0%         N/A       88%         3
 Swiftness                Air            0%         N/A       88%         3
 Vampiric Draining        Necr           0%         2d6       88%         3
 Airstrike                Air            0%         2d(0-16)  99%         4
 Cause Fear               Hex            0%         N/A       99%         4
 Dispel Undead            Necr           0%         3d6       99%         4
 Iskenderun's Mystic Bla  Conj/Tloc      0%         2d3       99%         4
 Manifold Assault         Tloc           0%         N/A       99%         4
 Sticky Flame             Conj/Fire      0%         2d3       99%         4
 Agony                    Necr           0%         N/A       100%        5
 Alistair's Intoxication  Tmut/Pois      0%         N/A       100%        5
 Freezing Cloud           Conj/Ice/Air   0%         6-21      100%        5
 Death Channel            Necr           0%         N/A       100%        6
 Dispersal                Tloc           0%         N/A       100%        6
 Starburst                Conj/Fire      0%         6d3       100%        6
 Dragon Form              Tmut           0%         N/A       100%        7
 Disjunction              Tloc           0%         N/A       100%        8
 Ignition                 Fire           0%         3d3       100%        8
 Chain Lightning          Conj/Air       0%         N/A       100%        9
 Dragon's Call            Summ           0%         N/A       100%        9
 Fire Storm               Conj/Fire      0%         5d1       100%        9
 Shatter                  Erth           0%         3d5*      100%        9


Dungeon Overview and Level Annotations

Branches:
Dungeon (10/15)            Temple (1/1) D:6            Lair (5/5) D:8
  Swamp (0/4) Lair:2       Spider (0/4) Lair:2          Orc (0/2) D:9
  IceCv (visited)         Gauntlet (visited)
  Slime: Lair:4-5

Altars:
Ashenzari
Cheibriados
Dithmenos
Elyvilon
Fedhas
Gozag
Hepliaklqana
Kikubaaqudgha
Makhleb
Nemelex Xobeh
Okawaru
Qazlal
Ru
Sif Muna
Trog
Uskayaw
Vehumet
Wu Jian
Xom
Yredelemnul
Zin
The Shining One

Shops:
D:1 (

Annotations:
D:8 3 runed translucent doors, koil's ghost, novice SpHu
Lair:2 3 runed translucent doors, Zixij's ghost, journeyman MiFi
Lair:3 exclusion: 2 oklob plants


Innate Abilities, Weirdness & Mutations

Your life essence is reduced to manifest your ancestor. (-10% HP)
You are amphibious.
You cover ground slowly.
You can hop long distances.
You have an extended range of vision and can be seen from far away.


Message History

The catoblepas attacks as you move away!
The catoblepas barely misses you.
The deep troll shaman is no longer petrified.
The catoblepas breathes a plume of calcifying dust at you.
The blast of calcifying dust hits the plant.
The blast of calcifying dust hits you.
* * * LOW HITPOINT WARNING * * *
You see here a polar bear corpse.
You are engulfed in calcifying dust.
You are slowing down.
The plant is engulfed in calcifying dust.
A nearby plant withers and dies.
The catoblepas breathes a plume of calcifying dust at you.
The blast of calcifying dust hits you!
* * * LOW HITPOINT WARNING * * *
Unknown command.
You are engulfed in calcifying dust.
Your limbs have turned to stone.
You have turned to stone.
You are engulfed in calcifying dust. x2
The catoblepas gores you.
* * * LOW HITPOINT WARNING * * *
You are engulfed in calcifying dust.
The catoblepas breathes a plume of calcifying dust at you.
The blast of calcifying dust hits you but does no damage.
The catoblepas gores you.
* * * LOW HITPOINT WARNING * * *
The catoblepas gores you!
* * * LOW HITPOINT WARNING * * *
The death yak gores you!
* * * LOW HITPOINT WARNING * * *
The catoblepas gores you but does no damage.
The death yak gores you but does no damage.
The catoblepas gores you!!
* * * LOW HITPOINT WARNING * * *
The death yak gores you!
* * * LOW HITPOINT WARNING * * *
The catoblepas gores you.
* * * LOW HITPOINT WARNING * * *
The death yak gores you!
You die...

#...# ## #...## #.#
#.÷..# .# ... #P...##
#.# .... ##....#
#..##.... ##...##
##.÷.##... ##.†T###
###.....#...
###YY.####.......##..
##@P............##.
##....P.....P...##
####...÷.....P...
####.......P..
##...P...P.
##........ ##........
#.##.....# ...
#####..###


You could see a death yak, a catoblepas and a deep troll shaman.

Vanquished Creatures
  2 hydras
  The ghost of Kuuciris the Fencer, a journeyman DgGl (Lair:1)
  2 death yaks (Lair:5)
  Amaemon (D:9)
  A swamp dragon (Lair:2)
  An ugly thing (IceCv)
  An oklob plant (Gauntlet)
  15 elephants
  A cyclops (D:9)
  3 black mambas
  Joseph (D:7)
  4 cane toads
  An orange demon (D:9)
  7 unseen horror zombies (D:9)
  5 komodo dragons
  2 rime drakes
  2 kobold demonologists (D:9)
  2 trolls
  4 blink frogs (Lair:3)
  3 polar bears (Lair:5)
  A dream sheep (Lair:2)
  Sigmund (D:6)
  A centaur simulacrum (Gauntlet)
  4 wyverns
  6 shadows
  17 yaks
  A basilisk (Lair:5)
  Menkaure (D:7)
  2 two-headed ogre zombies (D:9)
  Edmund (D:6)
  A harpy simulacrum (Gauntlet)
  10 water moccasins
  Duvessa (D:7)
  2 acid dragons
  An orc warrior (D:8)
  5 black bears
  An ice beast (D:9)
  A sky beast (D:7)
  An ogre (D:6)
  3 centaurs
  7 wolves
  A phantom (D:9)
  3 kobold brigands
  4 bullfrogs (D:8)
  4 necrophages
  2 scorpions
  A cane toad simulacrum (IceCv)
  A wyvern zombie (D:9)
  20 wights
  Dowan (D:7)
  A hornet simulacrum (Gauntlet)
  A troll zombie (D:9)
  A howler monkey (D:4)
  4 centaur zombies (D:9)
  6 hounds
  A jelly (D:4)
  2 gnoll boudas
  Terence (D:3)
  6 iguanas
  An orc wizard (D:10)
  2 killer bee zombies (D:9)
  4 ogre zombies (D:9)
  3 howler monkey zombies (D:9)
  9 gnolls
  14 adders
  A shadow imp (D:5)
  A white imp (D:6)
  An ufetubus (D:7)
  2 worms
  3 dart slugs
  11 orcs
  9 endoplasms
  2 giant cockroaches
  3 goblins
  10 hobgoblins
  15 kobolds
  A quokka (D:4)
  6 ball pythons
  6 bats
  5 frilled lizards
  2 goblin skeletons (D:9)
  A goblin zombie (D:9)
  A hobgoblin zombie (D:9)
  3 orc skeletons (D:9)
  13 orc zombies (D:9)
  5 rats
321 creatures vanquished.

Vanquished Creatures (collateral kills)
  A minotaur (Gauntlet)
  A hydra (Lair:3)
  An ugly thing (IceCv)
  Maurice (D:9)
  4 elephants
  A black mamba (Lair:2)
  A torpor snail (Lair:2)
  2 ice statues (IceCv)
  A cane toad (Lair:2)
  3 komodo dragons
  A troll (D:10)
  4 blink frogs (Lair:3)
  A hornet (D:9)
  A dream sheep (Lair:2)
  4 culicivoras (Lair:2)
  A shadow (D:10)
  12 yaks
  A basilisk (Lair:1)
  2 acid dragons
  2 water moccasins (Lair:5)
  A hornet zombie (D:9)
  2 black bears
  2 wolves (Lair:3)
  A phantom (D:7)
  3 bullfrogs
  2 wights
  An elephant simulacrum (IceCv)
  A howler monkey (D:9)
  3 orc wizards (D:10)
  A killer bee zombie (D:9)
  An ogre zombie (D:9)
  2 gnolls (D:8)
  2 white imps
  An orc (D:10)
  A goblin skeleton (D:9)
  2 kobolds (D:9)
  4 orc zombies (D:9)
75 creatures vanquished.

Vanquished Creatures (others)
  5 knights
  7 ancestors
  19 demonic plants (Gauntlet)
  35 fungi
  46 plants
  A withered plant (D:9)
113 creatures vanquished.

Grand Total: 509 creatures vanquished

Notes
Turn   | Place    | Note
-------+----------+-------------------------------------------
     0 | D:1      | brightshaft the Barachi Hunter began the quest for the Orb.
     0 | D:1      | Reached XP level 1. HP: 17/17 MP: 1/1
   145 | D:1      | Reached XP level 2. HP: 23/23 MP: 2/2
   408 | D:1      | Found Ykio's Antique Weapon Emporium.
   454 | D:1      | Reached XP level 3. HP: 28/28 MP: 3/3
   523 | D:1      | Reached skill level 5 in Ranged Weapons
   922 | D:2      | Reached XP level 4. HP: 31/34 MP: 4/4
   953 | D:2      | You fall into a shaft and drop 2 floors!
   988 | D:4      | Reached skill level 6 in Ranged Weapons
   994 | D:4      | Reached XP level 5. HP: 39/39 MP: 5/5
  1281 | D:4      | Reached skill level 7 in Ranged Weapons
  1281 | D:4      | Reached XP level 6. HP: 34/46 MP: 6/6
  2540 | D:3      | Identified the +1 chain mail "Kutaytah" {rC+ rCorr}
  2767 | D:3      | Noticed Terence
  2777 | D:3      | Killed Terence
  3182 | D:2      | Reached skill level 8 in Ranged Weapons
  3437 | D:2      | Reached XP level 7. HP: 43/51 MP: 7/7
  3722 | D:2      | Found a faded altar of an unknown god.
  4088 | D:5      | Entered Level 5 of the Dungeon
  4581 | D:5      | Reached skill level 9 in Ranged Weapons
  4716 | D:5      | Reached XP level 8. HP: 57/57 MP: 8/8
  4783 | D:5      | Reached skill level 10 in Ranged Weapons
  5140 | D:5      | Found a bloodstained altar of Trog.
  5141 | D:5      | Found a burning altar of Makhleb.
  5246 | D:5      | Found a radiant altar of Vehumet.
  5353 | D:6      | Found a staircase to the Ecumenical Temple.
  5376 | Temple   | Entered the Ecumenical Temple
  5377 | Temple   | Identified a scroll of acquirement
  5377 | Temple   | Acquired a manual of Ranged Weapons
  5454 | Temple   | Became a worshipper of Hepliaklqana the Forgotten
  5593 | D:6      | Reached skill level 11 in Ranged Weapons
  5702 | D:6      | Noticed Edmund
  5720 | D:6      | Killed Edmund
  5721 | D:6      | Reached skill level 12 in Ranged Weapons
  5761 | D:6      | Found a shadowy altar of Dithmenos.
  5952 | D:6      | Found a hide-covered altar of Uskayaw.
  5952 | D:6      | Noticed a +0 dagger
  5952 | D:6      | Noticed a +0 dagger
  6020 | D:6      | Found a glowing golden altar of the Shining One.
  6149 | D:6      | Noticed Sigmund
  6159 | D:6      | Killed Sigmund
  6160 | D:6      | Reached skill level 13 in Ranged Weapons
  6160 | D:6      | Reached XP level 9. HP: 62/62 MP: 9/9
  6341 | D:7      | Noticed Menkaure
  6348 | D:7      | Killed Menkaure
  6420 | D:7      | Noticed a troll
  6431 | D:7      | Killed a troll
  6432 | D:7      | Reached skill level 14 in Ranged Weapons
  6440 | D:7      | Noticed Duvessa
  6452 | D:7      | Noticed Dowan
  6468 | D:7      | Killed Duvessa
  6481 | D:7      | Killed Dowan
  6566 | D:7      | Reached * piety under Hepliaklqana
  6625 | D:7      | Noticed Joseph
  6645 | D:7      | Killed Joseph
  6646 | D:7      | Reached skill level 15 in Ranged Weapons
  6934 | D:7      | Found a broken altar of Ashenzari.
  7003 | D:8      | Found a shimmering altar of Xom.
  7012 | D:8      | Reached skill level 1 in Armour
  7080 | D:8      | Reached XP level 10. HP: 63/63 MP: 10/10
  7091 | D:8      | Reached skill level 16 in Ranged Weapons
  7206 | D:8      | Found a staircase to the Lair.
  7216 | D:8      | Reached skill level 5 in Fighting
  7678 | D:8      | Found a runed translucent gate.
  7679 | D:8      | Found a runed translucent gate.
  7684 | D:8      | Found a runed translucent gate.
  7691 | D:8      | Noticed koil's ghost (novice SpHu)
  7895 | D:8      | Reached skill level 5 in Dodging
  7905 | D:8      | Found a sacrificial altar of Ru.
  8111 | D:8      | Reached skill level 5 in Armour
  8612 | D:9      | Reached XP level 11. HP: 64/75 MP: 11/11
  8679 | D:9      | Noticed a cyclops
  8703 | D:9      | Killed a cyclops
  8817 | D:9      | Found a staircase to the Orcish Mines.
  9040 | D:9      | Reached ** piety under Hepliaklqana
  9041 | D:9      | Remembered your ancestor Brosephus as a knight
  9073 | D:9      | Noticed Amaemon
  9081 | D:9      | Killed Amaemon
  9167 | D:9      | Found a sparkling altar of Nemelex Xobeh.
  9340 | D:9      | Noticed Maurice
  9352 | D:9      | Killed Maurice
  9460 | D:10     | Entered Level 10 of the Dungeon
  9762 | D:10     | Found an ornate altar of the Wu Jian Council.
  9932 | D:10     | Found a white marble altar of Elyvilon.
 10260 | Lair:1   | Entered Level 1 of the Lair of Beasts
 10361 | Lair:1   | Reached XP level 12. HP: 87/87 MP: 12/12
 10467 | Lair:1   | Reached *** piety under Hepliaklqana
 10480 | Lair:1   | Identified the +4 pair of boots "Someozoa" {Fly rC+ Will+
                  | Str-2}
 10552 | Lair:1   | Reached skill level 10 in Fighting
 10590 | Lair:1   | Noticed Kuuciris's ghost (journeyman DgGl)
 10633 | Lair:1   | Found a runed translucent door.
 10989 | Lair:1   | Killed Kuuciris's ghost
 11038 | Lair:1   | Acquired the ring of Onemaify {Contam rPois rF+ Will+
                  | Dex+2}
 11082 | Lair:2   | Reached skill level 10 in Armour
 11174 | Lair:2   | Found a staircase to the Swamp.
 11390 | Lair:2   | Found a hole to the Spider Nest.
 11401 | Lair:2   | Reached skill level 10 in Dodging
 11425 | Lair:2   | Found a runed translucent gate.
 11426 | Lair:2   | Found a runed translucent gate.
 11430 | Lair:2   | Found a runed translucent gate.
 11431 | Lair:2   | Reached **** piety under Hepliaklqana
 11874 | Lair:2   | Noticed Zixij's ghost (journeyman MiFi)
 12052 | Lair:2   | Reached skill level 1 in Stealth
 12213 | Lair:3   | Noticed a six-headed hydra
 12227 | Lair:3   | Killed a six-headed hydra
 12267 | Lair:3   | Gained mutation: You can hop long distances. [Barachi
                  | growth]
 12267 | Lair:3   | Reached XP level 13. HP: 96/96 MP: 13/13
 13205 | Lair:4   | Found a frozen archway.
 13220 | IceCv    | Entered an ice cave
 13230 | IceCv    | Found a transporter.
 13235 | IceCv    | Identified the +1 troll leather armour "Mide" {Harm Regen+
                  | Str-2 Int+10 Slay-2}
 13236 | IceCv    | Found a transporter.
 13410 | Lair:4   | Reached ***** piety under Hepliaklqana
 13841 | Lair:5   | Entered Level 5 of the Lair of Beasts
 13870 | Lair:5   | Reached skill level 5 in Stealth
 14086 | Lair:5   | Found a gate leading to a gauntlet.
 14127 | Gauntlet | Entered a Gauntlet
 14127 | Gauntlet | Found a transporter.
 14135 | Gauntlet | Found a transporter.
 14144 | Gauntlet | Found the ring of the Hare {EV+8}
 14144 | Gauntlet | Found a transporter.
 14144 | Gauntlet | Found a transporter.
 14144 | Gauntlet | Found a transporter.
 14187 | Gauntlet | Found a transporter.
 14217 | Gauntlet | Found a transporter.
 14223 | Gauntlet | Found a transporter.
 14225 | Gauntlet | Found a transporter.
 14245 | Gauntlet | Found a transporter.
 14261 | Gauntlet | Identified the amulet of Soimpyaz {Acrobat Rampage rF-
                  | Int-3 SInv}
 14314 | Gauntlet | Found a transporter.
 14367 | Gauntlet | Found a transporter.
 14367 | Gauntlet | Found a transporter.
 14383 | Gauntlet | Found a transporter.
 14384 | Gauntlet | Found a transporter.
 14400 | Gauntlet | Noticed a minotaur
 14404 | Gauntlet | Killed a minotaur
 14451 | Lair:5   | Reached skill level 17 in Ranged Weapons
 14463 | Lair:5   | Reached XP level 14. HP: 65/106 MP: 14/14
 14667 | Lair:5   | HP: 2/106 [death yak (7)]
 14668 | Lair:5   | Mangled by a death yak

Illustrated notes

Levels and vault maps discovered:
D:1:      dpeg_chamrin_arrival_tetris, layout_loops_ring, serial_shops, shop,
          minmay_misc_feat_square
D:2:      layout_basic, chequers_ecumenical_altar_simple
D:3:      minmay_wonky_spiral, layout_basic, uniq_terence
D:4:      layout_layer_cave, nrook_mini_backslash,
          chequers_serial_rivers_small_a
D:5:      layout_basic, minitemple, nicolae_vehumet_altar_sigil,
          grunt_tough_drop
D:6:      layout_loops_ring, nicolae_tso_carved_into_rock,
          nicolae_dithmenos_shadow_blocks, dancing_weapons_uskayaw,
          minmay_temple_entry_large_hall, enter_ossuary_1, uniq_sigmund,
          uniq_edmund
D:7:      layout_basic, ashenzari_altar_1, hex_intersection, uniq_duvessa,
          uniq_menkaure, uniq_joseph
D:8:      layout_basic, mainiacjoe_overflow_catwalk, marbit_many_paths,
          due_lair_maze_entry_diamond, ebering_ghost_rock_garden
D:9:      layout_loops_ring, nemelex_xobeh_ov_fountains_minmay,
          zombieorc2_lemuel, serial_undead, serial_undead_d, serial_undead_c,
          serial_undead_d, serial_undead_a, serial_undead_d, serial_undead_b,
          serial_undead_d, serial_undead_f, uniq_maurice, uniq_amaemon
D:10:     layout_irregular_city, mainiacjoe_overflow_six_doors_small,
          old_standard_altar
Temple:   jpeg_temple_alley_garden
Lair:1:   layout_regular_city, hellmonk_ghost_happy_afterlife,
          grunt_megastairs_5, serial_bayou_shore_a
Lair:2:   layout_regular_city, minmay_swamp_entry_reptiles,
          hellmonk_spider_entry_life_and_decay, gammafunk_ghost_icy,
          beast_lair_carwin_10
Lair:3:   minmay_lair_oklob_chamber, layout_small_grid, grunt_megastairs_3
Lair:4:   layout_long_grid, portal_ice_cave_entry_pillars_1,
          grunt_forest_small_clearings
Lair:5:   grunt_lair_end_beastmaster, layout_cave_pods,
          dpeg_slime_entry_enclosed, gauntlet_entry_generic

Skill      XL: |  1  2  3  4  5  6  7  8  9 10 11 12 13 14 |
---------------+-------------------------------------------+-----
Ranged Weapons | 5 6 7 8 9 13 15 16 17 | 17.1
Armour         | 2 6 9 11 12 | 12.9
Fighting       | 3 7 9 11 13 | 13.2
Dodging        | 3 6 9 10 12 | 12.1
Stealth        | 3 5 6 |  6.0

Action                   |  1- 3 |  4- 6 |  7- 9 | 10-12 | 13-15 || total
-------------------------+-------+-------+-------+-------+-------++-------
 Fire: Shortbow          |    83 |   203 |   318 |   411 |       ||  1015
       Sling             |       |       |    66 |   513 |   131 ||   710
       Arbalest          |       |       |       |       |   160 ||   160
Throw: Throwing net      |       |     2 |       |       |       ||     2
Invok: Ancestor Identity |       |       |     1 |       |       ||     1
       Ancestor Life: Kn |       |       |       |     1 |       ||     1
 Abil: Hop               |       |     1 |     2 |     3 |     1 ||     7
  Use: Scroll            |       |       |    13 |     5 |     4 ||    22
       Potion            |       |       |     1 |     3 |       ||     4
Armor: Leather armour    |     7 |    41 |    42 |       |       ||    90
       Skin              |       |       |     4 |     1 |       ||     5
       Troll leather arm |       |       |     1 |    87 |    43 ||   131
       Scale mail        |       |       |       |     2 |       ||     2
Dodge: Dodged            |    21 |    54 |    98 |   199 |    78 ||   450
       Repelled          |       |       |       |       |     4 ||     4
Block: Other             |       |       |    29 |    72 |    17 ||   118
       Reflection        |       |       |       |     5 |       ||     5

Table legend: (Time is in decaauts)
 A = Elapsed time spent in this place.
 B = Non-inter-level travel time spent in this place.
 C = Inter-level travel time spent in this place.
 D = Time resting spent in this place.
 E = Time spent auto-exploring this place.
 F = Levels seen in this place.
 G = Mean time per level.
                   A        B        C        D        E       F      G
               +--------+--------+--------+--------+--------+-----+--------+
         Total |  16529 |  15943 |    586 |      0 |  12736 |  18 |  918.3 |
       Dungeon |  11315 |  10844 |    471 |      0 |   8819 |  10 | 1131.5 |
        Temple |    227 |    217 |     10 |      0 |    179 |   1 |  227.0 |
          Lair |   4590 |   4486 |    104 |      0 |   3612 |   5 |  918.0 |
      Ice Cave |     70 |     70 |      0 |      0 |      7 |   1 |   70.0 |
      Gauntlet |    326 |    326 |      0 |      0 |    119 |   1 |  326.0 |
               +--------+--------+--------+--------+--------+-----+--------+

Top non-repeatable levels by time:
     D:4: 1799 daAuts
     D:8: 1531 daAuts
     D:5: 1281 daAuts
     D:2: 1221 daAuts
  Lair:2: 1204 daAuts
  Lair:3: 1145 daAuts
     D:9: 1073 daAuts
     D:3: 981 daAuts
  Lair:1: 912 daAuts
     D:1: 892 daAuts
    D:10: 874 daAuts
     D:6: 869 daAuts
     D:7: 790 daAuts
  Lair:4: 713 daAuts
  Lair:5: 614 daAuts
